SAAA
VERMONT LAKE MONSTERS @ PHOENIX HOTSPUR RESERVES
09/17/2024
 
TOP OF THE 1ST
Vermont Lake Monsters batting - Pitching for Phoenix Hotspur Reserves : RHP Jeff Dixon
Pitching: RHP Jeff Dixon
Batting: LHB Tim Hill 0-0: Called Strike
0-1: Swinging Strike
0-2: Ball
1-2: Ball
2-2: Foul Ball, location: 2F
2-2: Strikes out swinging
Batting: RHB Ray John 0-0: Called Strike
0-1: Foul Ball, location: 2F
0-2: Ball
1-2: Ball
2-2: Ground out 5-3 (Groundball, 5S)
Batting: RHB Sean MacKnight 0-0: Foul Ball, location: 2F
0-1: Fly out, F7 (Flyball, 7D)
Top of the 1st over - 0 run(s), 0 hit(s), 0 error(s), 0 left on base; Vermont 0 - Phoenix 0
BOTTOM OF THE 1ST
Phoenix Hotspur Reserves batting - Pitching for Vermont Lake Monsters : RHP Roberto Cantú
Pitching: RHP Roberto Cantú
Batting: LHB Clark Espinosa 0-0: Foul Ball, location: 2F
0-1: Ball
1-1: Foul Ball, location: 2F
1-2: Ground out 4-3 (Groundball, 34)
Batting: LHB Joaquín Rangel 0-0: Ball
1-0: Foul Ball, location: 2F
1-1: Ground out 4-3 (Groundball, 4)
Batting: RHB Shohei Kiyomizu 0-0: Swinging Strike
0-1: Swinging Strike
0-2: Ground out 4-3 (Groundball, 4)
Bottom of the 1st over - 0 run(s), 0 hit(s), 0 error(s), 0 left on base; Vermont 0 - Phoenix 0
TOP OF THE 2ND
Vermont Lake Monsters batting - Pitching for Phoenix Hotspur Reserves : RHP Jeff Dixon
Batting: LHB Manny Valentín 0-0: Swinging Strike
0-1: Foul Ball, location: 2F
0-2: Foul Ball, location: 2F
0-2: Foul Ball, location: 2F
0-2: SINGLE (Flyball, 7S)
Batting: RHB Floyd Mitchell 0-0: Foul Ball, location: 2F
0-1: Ground out 6-3 (Groundball, 6MS)
Manny Valentín to second
Batting: RHB Domenic Gallard 0-0: Ball
1-0: Called Strike
1-1: Swinging Strike
1-2: Ball
2-2: Ball
3-2: Ground out 5-3 (Groundball, 56S)
Manny Valentín to third
Batting: LHB Mike Blue 0-0: Ball
1-0: Ball
2-0: Fly out, F7 (Flyball, 78M)
Top of the 2nd over - 0 run(s), 1 hit(s), 0 error(s), 1 left on base; Vermont 0 - Phoenix 0
BOTTOM OF THE 2ND
Phoenix Hotspur Reserves batting - Pitching for Vermont Lake Monsters : RHP Wilson Vélez
Pitching: RHP Wilson Vélez
Batting: RHB Satoshi Terada 0-0: Called Strike
0-1: Ball
1-1: Swinging Strike
1-2: Ball
2-2: Strikes out swinging
Batting: RHB Al Thomas 0-0: Ball
1-0: DOUBLE (Line Drive, 7LM)
Batting: RHB Júlio Mateo 0-0: Called Strike
0-1: Ball
1-1: Fly out, F9 (Flyball, 9LSF)
Batting: RHB Bob Curry 0-0: Ball
1-0: Called Strike
1-1: SINGLE (Line Drive, 78S)
Al Thomas to third
Batting: RHB Jesús Álvarez 0-0: Called Strike
0-1: Ball
1-1: Ball
2-1: 3-RUN HOME RUN (Flyball, 7D), Distance : 398 ft
Batting: SHB Jesús González 0-0: Ball
1-0: Ball
2-0: Called Strike
2-1: Called Strike
2-2: Ball
3-2: Base on Balls
Batting: LHB Clark Espinosa 0-0: Ball
1-0: Ball
2-0: Called Strike
2-1: Fly out, F8 (Flyball, 8RD)
Bottom of the 2nd over - 3 run(s), 3 hit(s), 0 error(s), 1 left on base; Vermont 0 - Phoenix 3
TOP OF THE 3RD
Vermont Lake Monsters batting - Pitching for Phoenix Hotspur Reserves : RHP Jeff Dixon
Batting: RHB Raúl Valadez 0-0: Ball
1-0: Ball
2-0: Foul Ball, location: 2F
2-1: Fly out, F7 (Flyball, 7D)
Batting: RHB Fernando Castro 0-0: Called Strike
0-1: Swinging Strike
0-2: Ball
1-2: Strikes out swinging
Batting: LHB Tim Hill 0-0: Called Strike
0-1: Called Strike
0-2: Ball
1-2: Foul Ball, location: 2F
1-2: Ball
2-2: Ball
3-2: DOUBLE (Line Drive, 9LS)
Batting: RHB Ray John 0-0: Ball
1-0: Swinging Strike
1-1: Ball
2-1: Swinging Strike
2-2: Fly out, F9 (Flyball, 89D)
Top of the 3rd over - 0 run(s), 1 hit(s), 0 error(s), 1 left on base; Vermont 0 - Phoenix 3
BOTTOM OF THE 3RD
Phoenix Hotspur Reserves batting - Pitching for Vermont Lake Monsters : RHP Wilson Vélez
Batting: LHB Joaquín Rangel 0-0: Called Strike
0-1: Ball
1-1: Swinging Strike
1-2: Foul Ball, location: 2F
1-2: Ground out U3 (Groundball, 3S)
Batting: RHB Shohei Kiyomizu 0-0: Ball
1-0: SOLO HOME RUN (Flyball, 7LD), Distance : 360 ft
Pitching: RHP Jorge Ayala
Batting: RHB Satoshi Terada 0-0: Foul Ball, location: 2F
0-1: Foul Ball, location: 2F
0-2: Ball
1-2: SINGLE (Groundball, 6D)
Batting: RHB Al Thomas 0-0: Ball
1-0: Ball
2-0: Ball
3-0: Called Strike
3-1: Called Strike
3-2: Base on Balls
Satoshi Terada to second
Batting: RHB Júlio Mateo 0-0: Called Strike
0-1: Ball
1-1: Fly out, F8 (Flyball, 8RM)
Batting: RHB Bob Curry 0-0: Ball
1-0: Called Strike
1-1: Ball
2-1: Ground out 5-3 (Groundball, 5)
Bottom of the 3rd over - 1 run(s), 2 hit(s), 0 error(s), 2 left on base; Vermont 0 - Phoenix 4
TOP OF THE 4TH
Vermont Lake Monsters batting - Pitching for Phoenix Hotspur Reserves : RHP Jeff Dixon
Batting: RHB Sean MacKnight 0-0: Ball
1-0: Ball
2-0: Ball
3-0: Base on Balls
Batting: LHB Manny Valentín 0-0: Ball
1-0: Ball
2-0: Called Strike
2-1: SINGLE (Line Drive, 8LS)
Sean MacKnight to second
Batting: RHB Floyd Mitchell 0-0: Ball
1-0: Ball
2-0: SINGLE (Line Drive, 6D)
Sean MacKnight to third
Manny Valentín to second
Batting: RHB Domenic Gallard 0-0: Called Strike
0-1: Fly out, F6 (Popup, 56)
Batting: LHB Mike Blue 0-0: Ball
1-0: Foul Ball, location: 2F
1-1: Fly out, F5 (Popup, 5)
Batting: RHB Raúl Valadez 0-0: Ball
1-0: Called Strike
1-1: Ball
2-1: Ball
3-1: Called Strike
3-2: Foul Ball, location: 2F
3-2: SINGLE (Groundball, 6D)
Sean MacKnight scores
Manny Valentín to third
Floyd Mitchell to second
Manny Valentín scores
Floyd Mitchell to third
Batting: RHB Fernando Castro 0-0: Fly out, F7 (Flyball, 7M)
Top of the 4th over - 2 run(s), 3 hit(s), 0 error(s), 2 left on base; Vermont 2 - Phoenix 4
BOTTOM OF THE 4TH
Phoenix Hotspur Reserves batting - Pitching for Vermont Lake Monsters : RHP Jorge Ayala
Batting: RHB Jesús Álvarez 0-0: Ball
1-0: Ball
2-0: Ball
3-0: Foul Ball, location: 2F
3-1: Base on Balls
Batting: SHB Jesús González 0-0: Called Strike
0-1: Fielders Choice at 2nd, 1-4 (Groundball, 25)
Batting: LHB Clark Espinosa 0-0: Called Strike
0-1: Ball
1-1: Ball
2-1: Called Strike
2-2: Strikes out looking
Batting: LHB Joaquín Rangel Pickoff Throw to First - Out!
Bottom of the 4th over - 0 run(s), 0 hit(s), 0 error(s), 0 left on base; Vermont 2 - Phoenix 4
TOP OF THE 5TH
Vermont Lake Monsters batting - Pitching for Phoenix Hotspur Reserves : RHP Jeff Dixon
Batting: LHB Tim Hill 0-0: Ball
1-0: Ball
2-0: Ground out 3-1 (Groundball, 34S)
Batting: RHB Ray John 0-0: Called Strike
0-1: Ball
1-1: Ball
2-1: Fly out, F7 (Flyball, 7D)
Batting: RHB Sean MacKnight 0-0: Called Strike
0-1: Ball
1-1: Swinging Strike
1-2: Strikes out swinging
Top of the 5th over - 0 run(s), 0 hit(s), 0 error(s), 0 left on base; Vermont 2 - Phoenix 4
BOTTOM OF THE 5TH
Phoenix Hotspur Reserves batting - Pitching for Vermont Lake Monsters : RHP Jorge Ayala
Batting: LHB Joaquín Rangel 0-0: Foul Ball, location: 2F
0-1: Ball
1-1: Ball
2-1: Ball
3-1: Foul Ball, location: 2F
3-2: Strikes out looking
Pitching: RHP Ed Jacobs
Batting: RHB Shohei Kiyomizu 0-0: Swinging Strike
0-1: Swinging Strike
0-2: Ball
1-2: Foul Ball, location: 2F
1-2: Foul Ball, location: 2F
1-2: Strikes out swinging
Batting: RHB Satoshi Terada 0-0: Ball
1-0: Foul Ball, location: 2F
1-1: Foul Ball, location: 2F
1-2: SINGLE (Popup, 4MS)
Batting: RHB Al Thomas 0-0: Called Strike
0-1: Ball
1-1: Ball
2-1: Ball
3-1: SINGLE (Flyball, 8LS)
Satoshi Terada to second
Batting: RHB Júlio Mateo 0-0: Called Strike
0-1: Called Strike
0-2: Strikes out swinging
Bottom of the 5th over - 0 run(s), 2 hit(s), 0 error(s), 2 left on base; Vermont 2 - Phoenix 4
TOP OF THE 6TH
Vermont Lake Monsters batting - Pitching for Phoenix Hotspur Reserves : RHP Jeff Dixon
Batting: LHB Manny Valentín 0-0: Ball
1-0: Ball
2-0: Ball
3-0: Base on Balls
Batting: RHB Floyd Mitchell 0-0: Grounds into double play, 6-4-3 (Groundball, 6)
Batting: RHB Domenic Gallard 0-0: Ball
1-0: Ground out 5-3 (Groundball, 5L)
Top of the 6th over - 0 run(s), 0 hit(s), 0 error(s), 0 left on base; Vermont 2 - Phoenix 4
BOTTOM OF THE 6TH
Phoenix Hotspur Reserves batting - Pitching for Vermont Lake Monsters : RHP Ed Jacobs
Batting: RHB Bob Curry 0-0: Called Strike
0-1: Ball
1-1: Ground out 4-3 (Groundball, 4)
Batting: RHB Jesús Álvarez 0-0: Foul Ball, location: 2F
0-1: Foul Ball, location: 2F
0-2: TRIPLE (Flyball, 89D)
Batting: SHB Jesús González 0-0: Foul Ball, location: 2F
0-1: Ball
1-1: Ball
2-1: Ball
3-1: Fly out, F4 (Popup, 4M)
Batting: LHB Clark Espinosa 0-0: SINGLE (Line Drive, 4D)
Jesús Álvarez scores
Batting: LHB Joaquín Rangel 0-0: Ball
1-0: Called Strike
1-1: Swinging Strike
1-2: Ball
Throwing error on steal attempt, E2
Clark Espinosa to third
2-2: Strikes out swinging
Bottom of the 6th over - 1 run(s), 2 hit(s), 1 error(s), 1 left on base; Vermont 2 - Phoenix 5
TOP OF THE 7TH
Vermont Lake Monsters batting - Pitching for Phoenix Hotspur Reserves : RHP Jeff Dixon
Batting: LHB Mike Blue 0-0: Ball
1-0: Called Strike
1-1: Swinging Strike
1-2: Strikes out looking
Batting: RHB Raúl Valadez 0-0: Ball
1-0: Called Strike
1-1: Swinging Strike
1-2: Strikes out swinging
Batting: RHB Fernando Castro 0-0: Ball
1-0: Ball
2-0: SINGLE (Flyball, 9LS)
Pitching: RHP Richard Carlson
Batting: LHB Tim Hill 0-0: Ground out U3 (Groundball, 3L)
Top of the 7th over - 0 run(s), 1 hit(s), 0 error(s), 1 left on base; Vermont 2 - Phoenix 5
BOTTOM OF THE 7TH
Phoenix Hotspur Reserves batting - Pitching for Vermont Lake Monsters : RHP Ed Jacobs
Batting: RHB Shohei Kiyomizu 0-0: Swinging Strike
0-1: Ball
1-1: Ball
2-1: Foul Ball, location: 2F
2-2: Foul Ball, location: 2F
2-2: Foul Ball, location: 2F
2-2: Fly out, F8 (Flyball, 8RM)
Batting: RHB Satoshi Terada 0-0: Ball
1-0: Foul Ball, location: 2F
1-1: Foul Ball, location: 2F
1-2: Strikes out looking
Batting: RHB Al Thomas 0-0: Ball
1-0: Foul Ball, location: 2F
1-1: Ground out 1-3 (Groundball, 15S)
Bottom of the 7th over - 0 run(s), 0 hit(s), 0 error(s), 0 left on base; Vermont 2 - Phoenix 5
TOP OF THE 8TH
Vermont Lake Monsters batting - Pitching for Phoenix Hotspur Reserves : RHP Richard Carlson
Batting: RHB Ray John 0-0: Called Strike
0-1: Foul Ball, location: 2F
0-2: Ball
1-2: SINGLE (Groundball, 56)
Pitching: RHP Rewa Malaki
Batting: RHB Sean MacKnight 0-0: Ball
1-0: Ball
2-0: Called Strike
2-1: Ball
3-1: Called Strike
3-2: Strikes out swinging
Pitching: LHP Joey Dudley
Batting: LHB Manny Valentín 0-0: Swinging Strike
0-1: Ball
1-1: SINGLE (Groundball, 34S)
Ray John to second
Runner from 2nd tries for 3rd, OUT!
Manny Valentín to second
Pitching: RHP Pat McCormick
Batting: RHB Floyd Mitchell 0-0: Ball
1-0: Called Strike
1-1: Ball
2-1: Foul Ball, location: 2F
2-2: Ball
3-2: Foul Ball, location: 2F
3-2: Fly out, F8 (Flyball, 8LD)
Top of the 8th over - 0 run(s), 2 hit(s), 0 error(s), 1 left on base; Vermont 2 - Phoenix 5
BOTTOM OF THE 8TH
Phoenix Hotspur Reserves batting - Pitching for Vermont Lake Monsters : RHP Ed Jacobs
Now at 1B: Arturo Robles
Batting: RHB Júlio Mateo 0-0: Called Strike
0-1: Foul Ball, location: 2F
0-2: Strikes out looking
Batting: RHB Bob Curry 0-0: Ball
1-0: Ball
2-0: Foul Ball, location: 2F
2-1: Foul Ball, location: 2F
2-2: Foul Ball, location: 2F
2-2: Ball
3-2: Ground out 4-3 (Groundball, 4M)
Batting: RHB Jesús Álvarez 0-0: Ball
1-0: Ball
2-0: Ground out 4-3 (Groundball, 4M)
Bottom of the 8th over - 0 run(s), 0 hit(s), 0 error(s), 0 left on base; Vermont 2 - Phoenix 5
TOP OF THE 9TH
Vermont Lake Monsters batting - Pitching for Phoenix Hotspur Reserves : RHP Pat McCormick
Pitching: LHP Raúl Gonzáles
Batting: RHB Domenic Gallard 0-0: Called Strike
0-1: Fly out, F9 (Flyball, 9LMF)
Batting: LHB Mike Blue 0-0: Called Strike
0-1: Foul Ball, location: 2F
0-2: Ball
1-2: Fly out, F8 (Flyball, 8RM)
Batting: RHB Raúl Valadez 0-0: Ball
1-0: Ball
2-0: Swinging Strike
2-1: Called Strike
2-2: Strikes out looking
Top of the 9th over - 0 run(s), 0 hit(s), 0 error(s), 0 left on base; Vermont 2 - Phoenix 5
This league is powered by Out of the Park Baseball, the baseball management simulation game for PC, Mac and Linux
Monday, October 3rd, 2016 - OOTP Baseball 16.9 Build 39